AoeStats
← Shawn96

Lombardia

509762711Analyzed
4v4 RM · 5d ago on Sep 27, 2026· 44m 47s· 8 players
Game mode
Random Map
Map size
Large (8 player)
Population
200
Speed
Normal
Resources
Standard
Victory
Conquest
Starting age
Dark Age
Ending age
Imperial Age
RankedLock teamsTeams togetherTeam positionsShared explorationLock speedFull tech treeHidden civsTurbo modeCheats
Victory
Defeat
🇺🇸 Magyars · United States
1494
+13
🇳🇿 Cumans · New Zealand
1463
+14
🇮🇳 Khmer · India
1392
+17
🇲🇽 Georgians · Mexico
1387
+17
🇺🇸 Berbers · United States
1453
-17
🇺🇸 Varangians · United States
1451
-17
🇨🇦 Jurchens · Canada
1417
-15
🇨🇦 Hindustanis · Canada
1331
-12
Shawn96
6:47 Loom
9:13 Feudal Age
9:52 Double-Bit Axe
11:46 Horse Collar
13:37 Wheelbarrow
16:14 Forging
19:22 Gold Mining
19:30 Stone Mining
22:14 Castle Age
20:41 Arson
20:58 Scale Mail Armor
22:37 Bloodlines
23:53 Iron Casting
23:57 Gold Shaft Mining
23:33 Bow Saw
23:26 Heavy Plow
26:00 Chain Mail Armor
26:35 Stone Shaft Mining
26:29 Husbandry
27:44 Scale Barding Armor
30:00 Grand Trunk Road
32:35 Chain Barding Armor
34:27 Ballistics
34:18 Masonry
34:03 Murder Holes
38:35 Imperial Age
38:35 Hand Cart
GOAT Gobz
9:23 Feudal Age
7:38 Loom
10:08 Double-Bit Axe
14:15 Horse Collar
20:23 Forging
22:34 Castle Age
21:54 Bloodlines
22:50 Scale Barding Armor
24:12 Iron Casting
24:33 Wheelbarrow
23:40 Light Cavalry
25:49 Husbandry
26:22 Chain Barding Armor
Ice2207
5:53 Loom
8:56 Feudal Age
10:17 Double-Bit Axe
18:24 Gold Mining
18:16 Horse Collar
21:13 Castle Age
20:34 Bloodlines
22:30 Bow Saw
22:34 Husbandry
24:27 Heavy Plow
24:43 Fletching
25:19 Padded Archer Armor
25:19 Bodkin Arrow
28:03 Scale Barding Armor
Alt+F4 | Haise
5:22 Loom
11:00 Feudal Age
15:41 Castle Age
14:28 Horse Collar
15:11 Double-Bit Axe
18:06 Bow Saw
23:54 Wheelbarrow
25:16 Bloodlines
25:12 Scale Barding Armor
25:20 Forging
25:28 Stone Mining
27:10 Scale Barding Armor
27:21 Husbandry
27:18 Fletching
28:22 Gold Mining
28:34 Heavy Plow
31:59 Iron Casting
32:29 Chain Barding Armor
32:52 Bodkin Arrow
35:36 Imperial Age
35:06 Hand Cart
35:47 Elite Jarl
36:51 Conscription
37:32 Plate Barding Armor
38:02 Blast Furnace
39:05 Siege Engineers
40:22 Plate Barding Armor
39:59 Masonry
41:52 Bracer
43:21 Murder Holes
44:27 Chemistry
not sure
8:55 Feudal Age
11:33 Double-Bit Axe
11:48 Horse Collar
22:39 Castle Age
21:35 Scale Barding Armor
21:44 Gold Mining
24:09 Bow Saw
25:03 Wheelbarrow
25:48 Bloodlines
25:38 Husbandry
26:07 Chain Barding Armor
26:35 Gold Shaft Mining
27:17 Fletching
28:25 Bodkin Arrow
28:35 Padded Archer Armor
31:48 Ballistics
31:50 Loom
32:23 Thumb Ring
35:30 Stone Mining
37:27 Hand Cart
41:52 Imperial Age
40:34 Heavy Plow
41:53 Heavy Cavalry Archer
43:00 Parthian Tactics
42:36 Bracer
42:52 Leather Archer Armor
43:39 Chemistry
44:47 Ring Archer Armor
Wouldn'tyouknow
8:34 Feudal Age
9:22 Loom
10:46 Double-Bit Axe
11:43 Horse Collar
13:40 Wheelbarrow
15:31 Town Watch
22:53 Castle Age
22:02 Gold Mining
22:25 Bloodlines
22:23 Scale Barding Armor
24:25 Chain Barding Armor
24:35 Heavy Plow
26:04 Forging
28:18 Iron Casting
29:54 Hand Cart
31:02 Gold Shaft Mining
34:40 Imperial Age
32:39 Steppe Husbandry
32:17 Light Cavalry
36:02 Plate Barding Armor
36:27 Blast Furnace
35:18 Fletching
35:54 Cavalier
36:58 Conscription
36:39 Hussar
39:02 Bow Saw
38:53 Bodkin Arrow
39:00 Scale Mail Armor
38:43 Pikeman
39:25 Squires
40:15 Padded Archer Armor
40:31 Chain Mail Armor
39:52 Halberdier
40:30 Paladin
42:13 Arson
42:59 Plate Mail Armor
42:35 Stone Mining
.|.
5:13 Loom
8:41 Feudal Age
9:12 Double-Bit Axe
10:47 Horse Collar
16:16 Wheelbarrow
19:17 Castle Age
20:43 Hand Cart
21:05 Bow Saw
28:24 Heavy Plow
32:06 Imperial Age
29:39 Gold Mining
29:41 Stone Mining
30:47 Svan Towers
30:34 Guard Tower
30:25 Treadmill Crane
30:41 Murder Holes
31:12 Forging
31:44 Stone Shaft Mining
31:03 Town Watch
31:53 Bloodlines
31:43 Husbandry
31:04 Light Cavalry
32:43 Ballistics
32:56 Fletching
33:41 Iron Casting
33:13 Scale Barding Armor
34:28 Chemistry
34:03 Keep
33:14 Arrowslits
35:03 Crop Rotation
34:08 Hussar
36:35 Conscription
36:40 Bodkin Arrow
37:45 Blast Furnace
37:06 Chain Barding Armor
37:29 Masonry
38:08 Fortified Wall
39:16 Bracer
43:36 Plate Barding Armor
43:04 Scale Mail Armor
adi.rathore
6:44 Loom
11:40 Feudal Age
14:50 Castle Age
13:02 Double-Bit Axe
13:00 Horse Collar
24:18 Husbandry
27:36 Scale Barding Armor
28:46 Wheelbarrow
32:18 Hand Cart
35:36 Imperial Age
34:21 Chain Barding Armor
34:14 Bloodlines
34:20 Gold Mining
35:21 Forging
36:55 Plate Barding Armor
36:56 Iron Casting
35:44 Elite Battle Elephant
37:30 Bow Saw
37:32 Heavy Plow
38:21 Tusk Swords
38:42 Conscription
40:05 Blast Furnace
40:02 Devotion
42:45 Light Cavalry
43:36 Hussar
Connection lost

Rejoining the realm…

Still unreachable

The connection could not be restored.

Session expired

The server has moved on; the page needs a fresh start.